 Dungeon Crawl Stone Soup version 0.15-a0 (webtiles) character file.

920 Kae the Insei (level 7, -2/52 HPs)
             Began as a Purple Draconian Transmuter on Mar 30, 2014.
             Slain by an ice beast (7 damage)
             ... on Level 5 of the Dungeon.
             The game lasted 00:09:00 (7194 turns).

Kae the Insei (Purple Draconian Transmuter)         Turns: 7194, Time: 00:09:01

HP  -2/52        AC  2     Str 13      XL: 7   Next: 32%
MP   6/12        EV 19     Int 13      God:
Gold 250         SH  0     Dex 18      Spells:  3 memorised,  4 levels left

rFire  . . .     SeeInvis .       - Unarmed
rCold  . . .     Clarity  .     (armour unavailable)
rNeg   . . .     Conserve .     (shield currently unavailable)
rPois  x         rCorr    .     (helmet currently unavailable)
rElec  .         rRot     .     (cloak currently unavailable)
SustAb . .       Spirit   .     s - melded +0 pair of gloves
rMut   .         Warding  .     (boots currently unavailable)
Saprov . . .     Stasis   .     (no amulet)
MR     +....                    (no ring)
                                (no ring)

@: spider-form, very slightly contaminated, slowed, slow, somewhat resistant to
hostile enchantments, unstealthy
A: (breathe power), unfitting armour, AC +6
a: End Transformation


You were on level 5 of the Dungeon.
You were very hungry.
You were in spider-form.
You visited 1 branch of the dungeon, and saw 5 of its levels.

You collected 250 gold pieces.

Inventory:

Missiles
 b - 12 arrows
Armour
 s - a +0 pair of gloves (melded)
Magical devices
 t - a wand of random effects (13) {unknown}
 C - a wand of confusion (9) {unknown}
Comestibles
 a - 2 bread rations
 x - a meat ration
 B - a beef jerky
Scrolls
 f - 5 scrolls of remove curse {unknown}
 h - a scroll of magic mapping {unknown}
 i - 4 scrolls of teleportation {unknown}
 l - 2 scrolls of fog {unknown}
 n - 6 scrolls of identify {unknown}
 o - 2 scrolls of fear {unknown}
 r - 4 scrolls of enchant weapon II {unknown}
 u - a scroll of noise {unknown}
 y - 3 scrolls of enchant armour {unknown}
 A - a scroll of recharging {unknown}
Jewellery
 q - an uncursed amulet of clarity {unknown}
 v - an uncursed amulet of stasis {unknown}
Potions
 c - 3 potions of curing {unknown}
 e - a potion of magic {unknown}
 j - a potion of haste {unknown}
 k - a potion of brilliance {unknown}
 p - 2 potions of restore abilities {unknown}
 w - a potion of mutation {unknown}
 E - a potion of poison {unknown}
 F - a potion of heal wounds {unknown}
Books
 d - a book of Changes

   Spells                             Type                      Level
   *Beastly Appendage                 Transmutation                1
   *Sticks to Snakes                  Transmutation                2
   *Spider Form                       Transmutation/Poison         3
   Ice Form                           Ice/Transmutation            4
   Blade Hands                        Transmutation                5
 z - a book of Envenomations

   Spells                             Type                      Level
   *Spider Form                       Transmutation/Poison         3
   Poison Weapon                      Charms/Poison                3
   Alistair's Intoxication            Transmutation/Poison         4
   Olgreb's Toxic Radiance            Poison                       4
   Poisonous Cloud                    Conjuration/Poison/Air       6


   Skills:
 - Level 1.1 Fighting
 - Level 1.7 Dodging
 * Level 7.4 Unarmed Combat
 - Level 2.4 Spellcasting
 + Level 4.7 Transmutations


You had 4 spell levels left.
You knew the following spells:

 Your Spells              Type           Power        Failure   Level  Hunger
a - Beastly Appendage     Trmt           ##....       14%         1    #......
b - Sticks to Snakes      Trmt           ##........   21%         2    ###....
c - Spider Form           Trmt/Pois      #.........   56%         3    ####...


Dungeon Overview and Level Annotations

Branches:
Dungeon (5/15)
 Temple: D:4-7

Altars:
Okawaru


Message History

You are feeling very hungry.
The ice beast closely misses you. The ice beast barely misses you.
Unknown command.
Casting: Spider Form
Confirm with . or Enter, or press ? or * to list all spells.
You turn into a venomous arachnid creature.
Your +0 pair of gloves melds into your body.
The ice beast hits you.
* * * LOW HITPOINT WARNING * * *
The ice beast freezes you.
You feel as though you will be slow longer.
* * * LOW HITPOINT WARNING * * *
You feel as though you will be slow longer.
Your potion of lignification freezes and shatters!
The ice beast misses you. The ice beast hits you.
* * * LOW HITPOINT WARNING * * *
The ice beast freezes you!
You feel as though you will be slow longer.
You die...

. .# .# .# ### .# ..# .#
..# .# ..# ######.#
..###########>..sI.#
...........##.#.##########
[...............)........#
##########.#..#.########.#
#.#.......# ## #.#....##.#
. #.#.....^.#.#
##########.#....##.#.#
...........#.........#


You could see an ice beast.

Vanquished Creatures
  An ogre (D:4)
  A gnoll sergeant (D:4)
  2 crimson imps (D:5)
  A hound (D:5)
  2 orc wizards
  An iguana (D:4)
  2 worker ants (D:4)
  An ogre skeleton (D:4)
  4 gnolls (D:4)
  13 adders
  2 shadow imps (D:5)
  A giant mite (D:3)
  2 oozes
  7 orcs
  18 bats
  2 giant cockroaches
  8 hobgoblins
  4 jackals (D:4)
  12 kobolds
  A ball python skeleton (D:4)
  4 giant geckos
  4 giant newts
  8 goblins
  A quokka (D:4)
  13 rats
115 creatures vanquished.

Notes
Turn   | Place    | Note
--------------------------------------------------------------
     0 | D:1      | Kae, the Draconian Transmuter, began the quest for the Orb.
     0 | D:1      | Reached XP level 1. HP: 16/16 MP: 3/3
   463 | D:1      | Reached XP level 2. HP: 21/23 MP: 4/4
  1231 | D:1      | Reached skill level 4 in Unarmed Combat
  1231 | D:1      | Reached XP level 3. HP: 6/28 MP: 6/6
  1252 | D:1      | HP: 2/42 [poisoned by an adder]
  2726 | D:2      | Reached XP level 4. HP: 35/35 MP: 7/7
  2821 | D:2      | Learned a level 2 spell: Sticks to Snakes
  2825 | D:2      | Learned a level 3 spell: Spider Form
  3214 | D:3      | Reached skill level 5 in Unarmed Combat
  3230 | D:3      | Reached XP level 5. HP: 17/40 MP: 9/9
  4056 | D:3      | Found an iron altar of Okawaru.
  4163 | D:4      | Noticed an ogre
  4171 | D:4      | Killed an ogre
  4171 | D:4      | Reached skill level 6 in Unarmed Combat
  4171 | D:4      | Reached XP level 6. HP: 22/47 MP: 6/10
  5924 | D:4      | HP: 1/47 [gnoll sergeant/trident (11)]
  6280 | D:4      | Your scales start taking on a rich purple colour.
  6280 | D:4      | Reached XP level 7. HP: 45/52 MP: 12/12
  6638 | D:5      | Entered Level 5 of the Dungeon
  6713 | D:5      | Reached skill level 7 in Unarmed Combat
  7194 | D:5      | Slain by an ice beast

Action                   |  1- 3 |  4- 6 |  7- 9 || total
-------------------------+-------+-------+-------++-------
Melee: Unarmed           |   167 |   274 |    93 ||   534
 Cast: Beastly Appendage |     3 |    12 |     2 ||    17
       Spider Form       |       |     3 |     1 ||     4
  Use: Potion            |     1 |       |       ||     1
